 Dungeon Crawl Stone Soup version 0.28-a0-1236-gb25a51b929 (webtiles) character file.

Game seed: 2924056754485557837

44 blank1 the Skirmisher (level 3, -2/33 HPs)
             Began as a Minotaur Fighter on Dec 26, 2021.
             Was an Initiate of Ashenzari.
             Slain by a worm (6 damage)
             ... on level 2 of the Dungeon.
             The game lasted 00:01:45 (1042 turns).

blank1 the Skirmisher (Minotaur Fighter)            Turns: 1042, Time: 00:01:46

Health: -2/33      AC:  7    Str: 22    XL:     3   Next: 41%
Magic:  2/2        EV: 10    Int:  5    God:    Ashenzari [......]
Gold:   43         SH:  4    Dex:  9    Spells: 2/2 levels left

rFire   . . .      SeeInvis .   a - +0 trident
rCold   . . .      Faith    .   c - +0 buckler
rNeg    . . .      Spirit   .   b - +0 scale mail
rPois   .          Reflect  .   (helmet restricted)
rElec   .          Harm     .   (no cloak)
rCorr   .          Rampage  .   (no gloves)
Will    .....                   (no boots)
Stlth   ..........              (no amulet)
HPRegen 0.11/turn               (no ring)
MPRegen 0.08/turn               (no ring)

@: no status effects
A: horns 2, retaliatory headbutt
a: Renounce Religion, Curse Item


You were on level 2 of the Dungeon.
You worshipped Ashenzari.
Ashenzari was noncommittal.
You visited 1 branch of the dungeon, and saw 2 of its levels.

You collected 43 gold pieces.

Inventory:

Hand Weapons
 a - a +0 trident (weapon)
Armour
 b - a +0 scale mail (worn)
 c - a +0 buckler (worn)
Scrolls
 e - a scroll of torment {unknown}
 h - a scroll of vulnerability {unknown}
 i - a scroll of identify {unknown}
Potions
 d - a potion of might
 f - 4 potions of heal wounds {unknown}
 g - a potion of degeneration {unknown}


   Skills:
 + Level 4.1 Fighting
 + Level 3.0 Polearms
 - Level 4.0 Armour
 + Level 1.4 Dodging
 - Level 4.0 Shields


You had 2 spell levels left.
You didn't know any spells.
Your spell library contained the following spells:

 Spells                   Type           Power      Damage    Failure   Level
 Corpse Rot               Necr/Air       0%         N/A       90%         2
 Dispel Undead            Necr           0%         3d6       100%        4
 Death Channel            Necr           0%         N/A       100%        6


Dungeon Overview and Level Annotations

Branches:
Dungeon (2/15)

Altars:
Ashenzari


Innate Abilities, Weirdness & Mutations

You have a pair of horns on your head.
You reflexively headbutt those who attack you in melee.


Message History

The adder is almost dead.
You feel sick. The adder bites you but does no damage. The adder bites you.
You miss the adder. Your headbutt misses the adder.
The adder is almost dead.
You feel sick. You block the adder's attack.
You barely miss the adder.
The adder is almost dead.
You feel sick.
The adder bites you but does no damage. x2
You miss the adder.
You headbutt the adder, but do no damage.
The adder is almost dead.
You feel sick. You block the adder's attack. The worm bites you.
You barely miss the adder.
The adder is almost dead.
You feel sick.
You are no longer poisoned.
The adder bites you but does no damage. The adder barely misses you.
The worm bites you but does no damage.
You are too injured to fight recklessly!
You are too injured to fight recklessly!
You are too injured to fight recklessly!
You are too injured to fight recklessly!
You are too injured to fight recklessly!
You are too injured to fight recklessly!
You are too injured to fight recklessly!
You closely miss the adder. Your headbutt misses the adder.
The adder is severely wounded.
You block the adder's attack.
You hit the adder.
You kill the adder!
The worm barely misses you. The worm bites you. The worm bites you!
* * * LOW HITPOINT WARNING * * *
You hit the worm but do no damage. You headbutt the worm.
The worm is moderately wounded.
You hit the worm.
The worm is heavily wounded.
The worm bites you.
You die...

#.######..........
#.##............##
#.##............#
#.##............#
#.##.......?....#
#.##............#
#.#+.......##...##
#.##..............
#........w@....>..
##...####=........
###.# #..........
#.# #..........
#.# #..........
#.. ...........
######.........
#.........


You could see a worm.

Vanquished Creatures
  An adder (D:2)
  2 dart slugs
  A ball python (D:2)
  5 bats
  6 endoplasms (D:1)
  A giant cockroach (D:1)
  2 goblins (D:1)
  4 kobolds
  3 quokkas (D:1)
  4 frilled lizards (D:1)
  A rat (D:2)
30 creatures vanquished.

Notes
Turn   | Place    | Note
-------+----------+-------------------------------------------
     0 | D:1      | blank1 the Minotaur Fighter began the quest for the Orb.
     0 | D:1      | Reached XP level 1. HP: 19/19 MP: 0/0
    71 | D:1      | Reached XP level 2. HP: 24/27 MP: 1/1
   103 | D:1      | Found a faded altar of an unknown god.
   103 | D:1      | Noticed a great orb of eyes
   107 | D:1      | Noticed a golden eye
   107 | D:1      | Noticed a floating eye
   107 | D:1      | Noticed a golden eye
   114 | D:1      | Prayed at the altar of an unknown god.
   114 | D:1      | Became a worshipper of Ashenzari the Shackled
   495 | D:1      | Reached skill level 1 in Dodging
   741 | D:1      | Reached XP level 3. HP: 33/33 MP: 2/2
  1042 | D:2      | Slain by a worm

Illustrated notes

Levels and vault maps discovered:
D:1:      grunt_arrival_lava_bath, layout_basic,
          hellmonk_ecumenical_altar_watching_god
D:2:      layout_basic

Skill      XL: |  1  2  3 |
---------------+----------+-----
Dodging        | 1 |  1.4
Fighting       | 4 |  4.1
Armour         | 4 |  4.0
Shields        | 4 |  4.0
Polearms       | 3 |  3.0

Action                   || total
-------------------------++-------
Melee: Trident           ||    83
       Headbutt          ||    10
Armor: Scale mail        ||    28
Dodge: Dodged            ||    21
Block: Buckler           ||    17

Table legend: (Time is in decaauts)
 A = Elapsed time spent in this place.
 B = Non-inter-level travel time spent in this place.
 C = Inter-level travel time spent in this place.
 D = Time resting spent in this place.
 E = Time spent auto-exploring this place.
 F = Levels seen in this place.
 G = Mean time per level.
                   A        B        C        D        E       F      G
               +--------+--------+--------+--------+--------+-----+--------+
         Total |   1055 |   1030 |     25 |      0 |    861 |   2 |  527.5 |
       Dungeon |   1055 |   1030 |     25 |      0 |    861 |   2 |  527.5 |
               +--------+--------+--------+--------+--------+-----+--------+

Top non-repeatable levels by time:
     D:1: 805 daAuts
     D:2: 249 daAuts
